Map: Proxima Station LE

Players

Musumeci - Winner!

  • Race: Zerg Zerg
  • League: Diamond
  • Spawn Location: 7:00

GeBaly

  • Race: Protoss Protoss
  • League: Master
  • Spawn Location: 1:00

VOD

Have the link to the VOD?

Description

Time

  • Played on: March 12, 2017, 5:08 a.m.
  • Length: 13:51
Show
View Real Time Build Order
Export as new Build Order

Musumeci Zerg - Winner!

Build Orders: Hatch First 

Get SALT Encoding   

  12  0:01  Drone  
  13  0:08  Drone  
  13  0:12  Extractor  
  13  0:16  Drone  
  15  0:43  Hatchery  
  15  0:48  Drone, Extractor  
  15  1:01  Spawning Pool  
  14  1:08  Extractor  
  14  1:09  Drone  
  14  1:16  Drone, Extractor  
  16  1:44  Overlord  
  16  1:55  Queen x2  
  20  2:03  Drone x4  
  24  2:08  Extractor  
  23  2:25  Hatchery  
  23  2:26  Evolution Chamber  
  22  2:32  Spore Crawler  
  22  2:35  Drone x5  
  26  2:38  Drone  
  27  2:47  Drone  
  28  2:58  Zergling x2, Spore Crawler  
  28  3:16  Overlord  
  28  3:17  Overlord  
  28  3:20  Zergling x2, Spore Crawler x2  
  28  3:21  Zergling x2, Spore Crawler  
  28  3:22  Zergling x2  
  31  3:44  Metabolic Boost  
  31  3:45  Drone  
  31  3:46  Drone x3  
  35  3:49  Drone  
  35  3:51  Drone  
  35  3:52  Hatchery  
  36  4:02  Drone  
  37  4:03  Drone x3  
  40  4:14  Drone x4  
  44  4:22  Extractor  
  43  4:26  Drone  
  44  4:51  Lair  
  44  5:15  Overlord  
  44  5:16  Overlord x2  
  44  5:20  Spore Crawler  
  44  5:21  Spore Crawler  
  42  5:25  Spore Crawler  
  42  5:27  Queen  
  42  5:30  Spore Crawler  
  42  5:31  Queen, Spore Crawler  
  42  5:33  Overlord, Extractor, Spore Crawler  
  42  5:34  Overlord  
  40  5:37  Drone x3  
  40  5:40  Drone x3  
  40  5:42  Drone x3, Extractor  
  48  5:51  Zergling x4, Spire  
  49  5:58  Evolution Chamber  
  49  5:59  Drone x3  
  51  6:05  Drone x5  
  53  6:27  Zerg Melee Weapons Level 1  
  53  6:28  Zergling x12, Spore Crawler  
  58  6:36  Drone x3  
  58  6:37  Drone x4  
  65  6:50  Hatchery  
  65  6:53  Drone x4  
  68  7:15  Overlord x3  
  64  7:18  Zergling x14  
  67  7:26  Zerg Flyer Weapons Level 1  
  67  7:48  Zergling x2  
  67  7:49  Zergling x8  
  72  7:52  Drone x3, Extractor  
  72  7:53  Drone x2  
  72  7:54  Drone x2  
  72  7:56  Drone x5  
  82  8:15  Drone x7  
  89  8:23  Corruptor  
  89  8:24  Corruptor x4  
  89  8:25  Corruptor x2  
  103  8:27  Overlord  
  103  8:28  Overlord x3  
  103  8:39  Overlord x3  
  103  8:45  Corruptor x4  
  100  9:19  Drone x11, Extractor  
  100  9:21  Baneling Nest  
  100  9:22  Overseer x2  
  109  9:25  Corruptor x7  
  123  9:32  Zerg Flyer Armor Level 1  
  123  9:34  Zerg Melee Weapons Level 2  
  123  9:38  Zergling x2  
  123  9:39  Zergling x12  
  130  10:01  Zergling x8  
  130  10:02  Zergling x16  
  142  10:10  Zergling x12  
  148  10:14  Baneling x4  
  107  11:06  Corruptor x5  
  107  11:08  Zergling x2  
  107  11:09  Zergling x18  
  121  11:35  Zergling x18  
  130  11:55  Zergling x14  
  135  12:09  Corruptor x5  
  137  12:27  Corruptor x4  
  137  12:29  Overlord  
  143  12:30  Overlord x4  
  143  12:50  Corruptor  
  143  12:51  Corruptor x9  
  145  12:54  Baneling x16  
  145  12:56  Baneling x5  
Show
View Real Time Build Order
Export as new Build Order

GeBaly Protoss 

Build Orders: Carrier Rush 

Get SALT Encoding   

  12  0:01  Probe (Chrono Boost)  
  13  0:11  Probe (Chrono Boost)  
  14  0:17  Pylon  
  14  0:22  Probe (Chrono Boost)  
  15  0:36  Probe (Chrono Boost)  
  15  0:39  Gateway  
  16  0:44  Assimilator  
  16  0:48  Probe (Chrono Boost)  
  17  0:54  Assimilator  
  17  1:00  Probe (Chrono Boost)  
  19  1:11  Probe (Chrono Boost)  
  19  1:26  Cybernetics Core  
  19  1:28  Probe (Chrono Boost)  
  19  1:31  Pylon  
  20  1:39  Probe (Chrono Boost)  
  21  1:49  Probe (Chrono Boost)  
  22  2:02  Stargate  
  22  2:03  Mothership Core (Chrono Boost)  
  22  2:05  Adept  
  26  2:13  Warp Gate  
  26  2:22  Probe (Chrono Boost)  
  27  2:40  Pylon  
  27  2:54  Fleet Beacon  
  27  3:03  Pylon  
  27  3:08  Probe (Chrono Boost)  
  28  3:18  Probe (Chrono Boost)  
  29  3:30  Carrier  
  29  3:31  Nexus  
  29  3:46  Probe (Chrono Boost)  
  36  3:53  Adept  
  38  3:59  Probe (Chrono Boost)  
  38  4:02  Pylon  
  40  4:11  Probe (Chrono Boost)  
  40  4:12  Graviton Catapult  
  40  4:27  Probe (Chrono Boost)  
  40  4:28  Stalker  
  37  4:44  Probe (Chrono Boost)  
  37  4:46  Probe (Chrono Boost)  
  37  4:55  Probe (Chrono Boost)  
  37  4:58  Probe (Chrono Boost)  
  39  5:01  Assimilator  
  39  5:04  Assimilator  
  39  5:10  Probe x2 (Chrono Boost)  
  41  5:21  Probe x2 (Chrono Boost)  
  43  5:31  Probe x2 (Chrono Boost)  
  45  5:44  Nexus  
  45  5:47  Probe x2 (Chrono Boost)  
  45  5:48  Pylon  
  47  5:54  Pylon  
  47  5:59  Carrier, Probe x2 (Chrono Boost)  
  55  6:14  Probe (Chrono Boost)  
  55  6:15  Probe (Chrono Boost)  
  57  6:25  Probe (Chrono Boost)  
  59  6:26  Protoss Air Weapons Level 1  
  59  6:27  Probe (Chrono Boost)  
  59  6:35  Probe (Chrono Boost)  
  59  6:39  Probe (Chrono Boost)  
  61  6:48  Stargate  
  61  6:51  Pylon  
  61  6:53  Probe (Chrono Boost)  
  63  6:54  Stargate, Probe (Chrono Boost)  
  63  6:57  Probe (Chrono Boost)  
  64  7:03  Probe (Chrono Boost)  
  64  7:06  Probe (Chrono Boost)  
  64  7:07  Probe (Chrono Boost)  
  67  7:14  Probe (Chrono Boost)  
  66  7:18  Probe x2 (Chrono Boost)  
  66  7:24  Probe (Chrono Boost)  
  66  7:26  Forge  
  66  7:28  Probe (Chrono Boost)  
  69  7:30  Carrier, Assimilator, Probe (Chrono Boost)  
  69  7:33  Assimilator  
  69  7:41  Twilight Council  
  75  7:45  Probe x2 (Chrono Boost)  
  75  7:46  Probe (Chrono Boost)  
  78  7:54  Gateway  
  78  7:56  Carrier, Probe x2 (Chrono Boost)  
  81  7:58  Probe (Chrono Boost)  
  87  8:07  Probe x2 (Chrono Boost)  
  87  8:08  Carrier  
  87  8:10  Probe (Chrono Boost)  
  96  8:22  Photon Cannon  
  96  8:24  Photon Cannon  
  96  8:25  Probe x2 (Chrono Boost)  
  96  8:26  Probe (Chrono Boost)  
  99  8:36  Probe x2 (Chrono Boost)  
  99  8:38  Pylon  
  99  8:39  Probe (Chrono Boost)  
  99  8:40  Resonating Glaives  
  102  8:45  Adept  
  104  8:52  Carrier  
  104  8:55  Probe (Chrono Boost)  
  105  9:05  Nexus  
  105  9:06  Protoss Air Weapons Level 2, Pylon  
  108  9:12  Carrier, Probe (Chrono Boost)  
  108  9:13  Probe x2 (Chrono Boost)  
  110  9:22  Carrier, Pylon  
  117  9:25  Probe (Chrono Boost)  
  117  9:35  Photon Cannon  
  123  9:40  Adept x2  
  127  10:06  Carrier  
  127  10:09  Adept x2  
  137  10:24  Gateway  
  137  10:28  Gateway  
  137  10:36  Photon Cannon  
  137  10:41  Assimilator  
  128  10:43  Carrier  
  128  10:44  Assimilator  
  128  10:48  Carrier  
  83  11:17  Stalker  
  83  11:18  Stalker  
  80  11:23  Stalker  
  82  11:27  Stalker, Carrier  
  90  11:35  Nexus  
  90  11:41  Stalker  
  90  11:42  Stalker  
  94  11:58  Carrier  
  94  12:07  Carrier  
  94  12:09  Stalker  
  94  12:14  Pylon  
  102  12:16  Pylon  
  102  12:19  Pylon  
  102  12:22  Pylon  
  96  12:39  Probe x2 (Chrono Boost)  
  96  12:41  Stalker  
  96  12:42  Stalker  
  108  12:59  Templar Archives  
  108  13:01  Pylon  
  110  13:05  Mothership Core (Chrono Boost)  
  86  13:36  Stalker  
  86  13:37  Stalker  
Tags
 
Add a new tag
Caveats
  • Supply blocks, unpowered buildings, or Contaminate may cause inaccurate times.
  • Supply counts are checked every 10 seconds.